AoeStats
← 水水火火

Arena

519450220Analyzed
3v3 RM · 9d ago on Nov 7, 2026· 48m 46s· 6 players
Game mode
Random Map
Map size
Normal (6 player)
Population
200
Speed
Normal
Resources
Standard
Victory
Conquest
Starting age
Dark Age
Ending age
Imperial Age
RankedLock teamsTeams togetherTeam positionsShared explorationLock speedFull tech treeHidden civsTurbo modeCheats
Victory
Defeat
🇨🇳 Celts · China
1006
+15
🇨🇳 Saxons · China
907
+18
🇨🇳 Vietnamese · China
895
+19
vs
🇩🇪 Vietnamese · Germany
1034
-19
🇩🇪 Goths · Germany
942
-17
🇩🇪 Teutons · Germany
919
-16
水水火火
4:26 Loom
10:10 Feudal Age
11:07 Feudal Age
15:25 Castle Age
14:59 Double-Bit Axe
14:56 Horse Collar
22:06 Town Watch
22:59 Wheelbarrow
29:41 Imperial Age
27:17 Scale Mail Armor
27:27 Forging
27:20 Gold Mining
28:18 Fletching
29:01 Chain Mail Armor
30:41 Squires
31:32 Conscription
31:47 Plate Mail Armor
31:53 Iron Casting
31:14 Bodkin Arrow
31:21 Padded Archer Armor
32:29 Bow Saw
32:11 Capped Ram
34:36 Gold Shaft Mining
35:49 Elite Hearth Troop
35:52 Shield Wall
36:38 Arson
38:05 Pikeman
38:09 Elite Varangian Guard
39:10 Clerical Recruitment
40:49 Sanctity
40:45 Block Printing
40:53 Heresy
41:10 Theocracy
41:05 Illumination
40:47 Herbal Medicine
40:19 Halberdier
41:48 Bracer
43:03 Hoardings
43:18 Redemption
1277765061
9:05 Feudal Age
9:40 Double-Bit Axe
15:11 Castle Age
13:58 Horse Collar
16:04 Bow Saw
21:47 Scale Mail Armor
21:58 Forging
23:38 Loom
24:15 Chain Mail Armor
24:36 Iron Casting
26:54 Wheelbarrow
28:30 Gold Mining
28:32 Stone Mining
35:12 Imperial Age
35:26 Elite Woad Raider
36:41 Plate Mail Armor
36:28 Heavy Plow
38:05 Capped Ram
40:10 Gold Shaft Mining
40:10 Stone Shaft Mining
41:51 Blast Furnace
40:41 Fletching
43:36 Siege Ram
嘿咻
7:30 Loom
12:36 Feudal Age
17:01 Castle Age
15:43 Double-Bit Axe
15:42 Horse Collar
16:49 Fletching
24:32 Wheelbarrow
23:43 Town Watch
25:53 Bodkin Arrow
26:29 Town Watch
26:50 Heavy Plow
28:22 Gold Mining
28:22 Stone Mining
30:35 Stone Shaft Mining
32:45 Imperial Age
31:32 Hand Cart
32:21 Padded Archer Armor
33:05 Ballistics
35:29 Bracer
35:44 Leather Archer Armor
36:32 Chemistry
35:18 Elite Rattan Archer
36:52 Paper Money
38:25 Herbal Medicine
39:04 Town Patrol
41:11 Thumb Ring
40:27 Elite Skirmisher
42:19 Imperial Skirmisher
Phoenix
0:37 Loom
11:58 Feudal Age
12:33 Double-Bit Axe
12:32 Horse Collar
13:31 Wheelbarrow
13:23 Gold Mining
20:41 Castle Age
19:41 Stone Mining
21:43 Bow Saw
23:18 Heavy Plow
24:31 Stone Shaft Mining
27:58 Hand Cart
29:34 Crossbowman
29:35 Elite Skirmisher
30:17 Pikeman
31:16 Gambesons
31:56 Fletching
32:06 Padded Archer Armor
32:07 Scale Mail Armor
32:17 Forging
33:49 Squires
38:22 Imperial Age
35:38 Town Watch
37:01 Bodkin Arrow
37:21 Leather Archer Armor
37:22 Chain Mail Armor
39:17 Ballistics
39:09 Fortified Wall
39:42 Conscription
39:01 Imperial Skirmisher
41:27 Crop Rotation
41:59 Two-Man Saw
41:02 Elite Teutonic Knight
42:50 Halberdier
TrichterRichter
10:45 Feudal Age
14:56 Castle Age
13:26 Horse Collar
15:41 Double-Bit Axe
16:02 Heavy Plow
16:51 Bow Saw
20:44 Wheelbarrow
20:28 Gold Mining
21:26 Stone Mining
23:21 Hand Cart
24:04 Loom
27:43 Imperial Age
25:59 Fortified Wall
27:13 Stone Shaft Mining
27:16 Elite Skirmisher
28:01 Thumb Ring
28:03 Scale Barding Armor
27:58 Padded Archer Armor
27:49 Fletching
27:59 Scale Mail Armor
28:10 Forging
30:40 Chemistry
30:11 Crop Rotation
30:42 Two-Man Saw
30:22 Husbandry
30:32 Bloodlines
32:55 Imperial Skirmisher
33:56 Ballistics
33:47 Masonry
34:42 Chain Barding Armor
34:37 Chain Mail Armor
34:26 Chatras
35:35 Leather Archer Armor
43:38 Siege Engineers
ha3raLe
11:17 Feudal Age
12:52 Double-Bit Axe
12:52 Horse Collar
19:00 Castle Age
19:16 Pikeman
19:57 Squires
20:11 Forging
22:13 Wheelbarrow
21:26 Town Watch
23:38 Scale Mail Armor
25:09 Bow Saw
26:44 Hand Cart
27:22 Heavy Plow
30:53 Imperial Age
Connection lost

Rejoining the realm…

Still unreachable

The connection could not be restored.

Session expired

The server has moved on; the page needs a fresh start.